 Dungeon Crawl Stone Soup version 0.20-a0-972-gb9bd3e6 (console) character file.

83 nht the Cutter (level 4, -9/45 HPs)
             Began as a Bultungin Enchanter on Apr 9, 2017.
             Was an Initiate of Yredelemnul.
             Killed from afar by nikopol's ghost (16 damage)
             ... with a flame tongue
             ... on level 3 of the Dungeon.
             The game lasted 00:04:51 (2222 turns).

nht the Cutter (Bultungin Enchanter)                Turns: 2222, Time: 00:04:53

Health: -9/45      AC: 22    Str:  7    XL:     4   Next: 44%
Magic:  8/8        EV:  2    Int: 16    God:    Yredelemnul [......]
Gold:   109        SH:  0    Dex: 14    Spells: 3/9 levels left

rFire    . . .     SeeInvis +   a - +1 dagger
rCold    . . .     Gourm    .   (no shield)
rNeg     + + +     Faith    .   (armour currently unavailable)
rPois    +         Spirit   .   (helmet currently unavailable)
rElec    .         Reflect  .   (cloak currently unavailable)
rCorr    .         Harm     .   (gloves currently unavailable)
MR       .....     NoTele   +   (boots currently unavailable)
Stlth    +++.......             (no amulet)
Regen    0.2/turn               (no ring)
MPRegen  0.2/turn               (no ring)

@: tree-form (expiring), very slightly contaminated, hasted, very quick
A: short attention span, (fangs 0), see invisible, strong nose
a: Renounce Religion


You were on level 3 of the Dungeon.
You worshipped Yredelemnul.
Yredelemnul was noncommittal.
You were hungry.
You were a tree.
You visited 1 branch of the dungeon, and saw 3 of its levels.

You collected 109 gold pieces.

Inventory:

Hand Weapons
 a - a +1 dagger (weapon)
Missiles
 g - 16 poisoned needles
Armour
 b - a +0 robe (melded)
 e - a +0 pair of gloves (melded)
 h - a +1 shield
 q - a +1 hat (melded)
 u - a +0 pair of boots (melded)
Scrolls
 f - 2 scrolls of immolation
 j - a scroll of fog
 k - 2 scrolls of remove curse
 t - 3 scrolls of noise
Potions
 n - a potion of haste
 p - a potion of lignification
 r - a potion of curing
Books
 c - a book of Maledictions

   Spells                             Type                      Level
   a - Corona                         Hexes                        1
   b - Ensorcelled Hibernation        Hexes/Ice                    2
   c - Confuse                        Hexes                        3
   d - Tukima's Dance                 Hexes                        3
   e - Dazzling Spray                 Conjuration/Hexes            3
Comestibles
 d - a bread ration
 l - a royal jelly
 s - a chunk of flesh


   Skills:
 + Level 6.0 Short Blades
 - Level 3.0 Dodging
 - Level 4.0 Stealth
 - Level 3.2 Spellcasting
 - Level 4.4 Hexes


You had 3 spell levels left.
You knew the following spells:

 Your Spells              Type           Power        Failure   Level  Hunger
a - Corona                Hex            ###....      3%          1    None
b - Ensorcelled Hibernat  Hex/Ice        #.....       12%         2    ##.....
c - Confuse               Hex            ###.....     12%         3    ###....


Dungeon Overview and Level Annotations

Branches:
Dungeon (3/15)

Altars:
Yredelemnul

Annotations:
D:3 nikopol's ghost, amateur DEFE


Innate Abilities, Weirdness & Mutations

You have a short attention span.
((You have very sharp teeth.))
You have supernaturally acute eyesight. (SInv)
Your uncanny sense of smell can sniff out nearby items.


Message History

You hit nikopol's ghost.
Nikopol's ghost is heavily damaged.
Nikopol's ghost hits you but does no damage.
The leopard gecko bites you but does no damage.
You barely miss nikopol's ghost.
Nikopol's ghost is heavily damaged.
You hit nikopol's ghost but do no damage.
Nikopol's ghost is heavily damaged.
The leopard gecko bites you.
* * * LOW HITPOINT WARNING * * *
Nikopol's ghost hits you but does no damage.
You barely miss nikopol's ghost.
Nikopol's ghost is heavily damaged.
You barely miss nikopol's ghost.
Nikopol's ghost is heavily damaged.
The leopard gecko bites you but does no damage.
Nikopol's ghost points at you and mumbles some strange words.
The flame tongue hits you!
You die...
Your body rises from the dead as a mindless zombie. █.█ █.██ █.█ █... █.█ ████

∆ █ █.██████ █
█.█.█....█ █ █.█.█.██.█
█ █......█.█ █
███l█..█.█ █ █.♣...█.█ █
███W█...█.███████████
█$.s█...█............
█s...█████.█████████████
████. .█ .. .█ ███ ∆


You could see nikopol's ghost, a leopard gecko and a giant cockroach.

Vanquished Creatures
  3 adders
  A worm (D:3)
  A dart slug (D:1)
  5 bats (D:1)
  A giant cockroach (D:1)
  4 goblins
  4 hobgoblins
  7 jackals
  A quokka (D:3)
  5 frilled lizards
  11 kobolds
  7 rats
  A spectral orc (D:2)
51 creatures vanquished.

Notes
Turn   | Place    | Note
-------+----------+-------------------------------------------
     0 | D:1      | nht the Bultungin Enchanter began the quest for the Orb.
     0 | D:1      | Reached XP level 1. HP: 13/13 MP: 4/4
    48 | D:1      | Reached skill level 2 in Short Blades
   270 | D:1      | Reached skill level 3 in Short Blades
   270 | D:1      | Reached XP level 2. HP: 14/19 MP: 4/6
   363 | D:1      | Learned a level 2 spell: Ensorcelled Hibernation
   551 | D:1      | Reached skill level 4 in Short Blades
   617 | D:1      | Reached XP level 3. HP: 18/24 MP: 7/7
  1296 | D:2      | Reached skill level 5 in Short Blades
  1718 | D:2      | Found a basalt altar of Yredelemnul.
  1730 | D:2      | Became a worshipper of Yredelemnul the Dark
  1800 | D:2      | Reached XP level 4. HP: 27/30 MP: 5/8
  2095 | D:3      | Reached skill level 6 in Short Blades
  2135 | D:3      | Noticed nikopol's ghost (amateur DEFE)
  2142 | D:3      | Learned a level 3 spell: Confuse
  2222 | D:3      | Killed from afar by nikopol's ghost

Vault maps used:
D:1:      saegor_arrival_simple_f, dk_noncrumbling_4
D:2:      minmay_kobold_bridge, yredelemnul_forgotten_temple_becter

Skill      XL: |  1  2  3  4 |
---------------+-------------+-----
Short Blades   | 3 4 5 6 |  6.0
Dodging        | |  3.0
Stealth        | |  4.0
Spellcasting   | |  3.2
Hexes          | |  4.4

Action                   |  1- 3 |  4- 6 || total
-------------------------+-------+-------++-------
Melee: Dagger            |   154 |    66 ||   220
       Bite              |    13 |       ||    13
 Cast: Corona            |     1 |       ||     1
       Ensorcelled Hiber |     3 |     5 ||     8
  Use: Potion            |     5 |     2 ||     7
       Scroll            |       |     7 ||     7
 Stab: Sleeping          |     7 |     4 ||    11
  Eat: Chunk             |     3 |     1 ||     4
Armor: Robe              |    28 |     2 ||    30
       Skin              |       |    45 ||    45
Dodge: Dodged            |    89 |    11 ||   100
